 Dungeon Crawl Stone Soup version 0.16-b1 (webtiles) character file.

35 dysrexia the Firebug (level 3, -1/24 HPs)
             Began as a Demonspawn Fire Elementalist on Mar 14, 2015.
             Slain by an adder (2 damage)
             ... on level 2 of the Dungeon.
             The game lasted 00:06:19 (1371 turns).

dysrexia the Firebug (Demonspawn Fire Elementalist) Turns: 1371, Time: 00:06:19

Health: -1/24      AC:  2    Str:  8    XL:     3   Next: 16%
Magic:  0/6        EV: 12    Int: 17    God:
Gold:   70         SH:  0    Dex: 13    Spells: 2 memorised, 2 levels left

rFire  . . .     SeeInvis .     (no weapon)
rCold  . . .     Clarity  .     a - +0 robe
rNeg   . . .     SustAb   .     (no shield)
rPois  .         Gourm    .     (no helmet)
rElec  .         Spirit   .     (no cloak)
rCorr  .         Warding  .     (no gloves)
rMut   .         Stasis   .     (no boots)
MR     .....                    (no amulet)
Stlth  ++........               (no ring)
                                (no ring)

@: lethally poisoned (-1 -> -8), very slightly contaminated, not resistant to
hostile enchantments, unstealthy
A: claws 2
a: no special abilities


You were on level 2 of the Dungeon.
You were not hungry.

You visited 1 branch of the dungeon, and saw 2 of its levels.

You collected 70 gold pieces.

Inventory:

Missiles
 e - 90 stones (quivered)
Armour
 a - a +0 robe (worn)
 g - a +0 shield
Scrolls
 i - a scroll of blinking {unknown}
 j - a scroll of identify
Potions
 h - a potion of haste
Books
 b - a book of Flames

   Spells                             Type                      Level
   a - Flame Tongue                   Conjuration/Fire             1
   b - Throw Flame                    Conjuration/Fire             2
   c - Conjure Flame                  Conjuration/Fire             3
   d - Inner Flame                    Hexes/Fire                   3
   e - Sticky Flame                   Conjuration/Fire             4
   f - Fireball                       Conjuration/Fire             5
Comestibles
 c - 3 bread rations
 d - a chunk of flesh
 f - a slice of pizza


   Skills:
 - Level 1.7 Dodging
 - Level 1.7 Stealth
 - Level 2.0 Spellcasting
 + Level 1.2 Conjurations
 + Level 3.8 Fire Magic


You had 2 spell levels left.
You knew the following spells:

 Your Spells              Type           Power        Failure   Level  Hunger
a - Flame Tongue          Conj/Fire      ##...        10%         1    #......
b - Conjure Flame         Conj/Fire      ##......     21%         3    ###....


Dungeon Overview and Level Annotations

Branches:
Dungeon (2/15)

Altars:


Innate Abilities, Weirdness & Mutations

You have very sharp fingernails.


Message History

* * * LOW HITPOINT WARNING * * *
You scratch the adder but do no damage.
The adder is severely wounded.
The adder is no longer bleeding.
The adder closely misses you.
Drink which item? (? for menu, Esc to quit)
Okay, then.
Casting: Flame Tongue
Confirm with . or Enter, or press ? or * to list all spells.
Aiming: Flame Tongue
Press: ? - help, Shift-Dir - straight line, f/p - adder
Aim: an adder (severely wounded)
You miscast Flame Tongue.
Nothing appears to happen.
The adder bites you.
* * * LOW HITPOINT WARNING * * *
You are lethally poisoned!
The adder poisons you!
You miss the adder.
The adder is severely wounded.
* * * LOW HITPOINT WARNING * * *
You feel sick. The adder bites you.
You die...

##.####.###,,,,,,,*****
*,**, ##.# *,*
*,,,,,,,,,,,*******,**,
...#
*,***,,,,,,,***,,,,,,,,,,,,
.###
*,,,,,,,,,,,,,,#*******,***
.# *****,,,,,,,**.# *,* *
.# *********#.#* *,* * .#
##..,## *,* .#
###.#**.#####*,* .# #@S.#
*.....,,,* .#
#.#.###..#*,****
.########### #.##...#.#*,**
...........#
#.###....#,,,*****
##########.# #.#
###(...#,,,,,, #.# #.#
*.##...#**** #.# #.#
*.#**.##
#.#####.#####.#**,#
#.............).,,*


You could see an adder.

Vanquished Creatures
  A giant mite (D:1)
  2 giant geckos (D:2)
  A giant cockroach (D:1)
  3 goblins (D:1)
  4 hobgoblins
  6 jackals (D:2)
  3 kobolds
  2 bats (D:1)
  A giant newt (D:1)
  2 rats (D:2)
25 creatures vanquished.

Notes
Turn   | Place    | Note
--------------------------------------------------------------
     0 | D:1      | dysrexia, the Demonspawn Fire Elementalist, began the quest for the Orb.
     0 | D:1      | Reached XP level 1. HP: 13/13 MP: 3/3
    74 | D:1      | Reached skill level 3 in Fire Magic
    93 | D:1      | Gained mutation: You have sharp fingernails. [demonic ancestry]
    93 | D:1      | Reached XP level 2. HP: 11/19 MP: 0/4
   819 | D:2      | Gained mutation: You have very sharp fingernails. [demonic ancestry]
   819 | D:2      | Reached XP level 3. HP: 6/24 MP: 0/6
   823 | D:2      | HP: 1/24 [jackal (2)]
  1309 | D:2      | Learned a level 3 spell: Conjure Flame
  1371 | D:2      | HP: 1/24 [poisoned by an adder]
  1371 | D:2      | Slain by an adder

Action                   || total
-------------------------++-------
Melee: Unarmed           ||    59
 Cast: Flame Tongue      ||    42
  Use: Scroll            ||     5
  Eat: Chunk             ||     2
